3L
CHICAGO HAWKS @ NEW AMSTERDAM DUTCHMEN
09/14/2027
 
TOP OF THE 1ST
Chicago Hawks batting - Pitching for New Amsterdam Dutchmen : RHP Bobby Swain
Pitching: RHP Bobby Swain
Batting: RHB Aurelio Álvarez 0-0: Hit by Pitch
Batting: LHB Cole Thrash 0-0: Ball
1-0: Ball
2-0: Ball
3-0: Foul Ball, location: 2F
3-1: Base on Balls
Aurelio Álvarez to second
Batting: LHB Raúl Aguirre 0-0: Ball
1-0: Called Strike
1-1: Called Strike
1-2: Strikes out swinging
Batting: LHB Scott Janousek 0-0: Ball
1-0: Ball
2-0: Ball
3-0: Base on Balls
Aurelio Álvarez to third
Cole Thrash to second
Batting: RHB Robbie Roach 0-0: GRAND SLAM HOME RUN (Line Drive, 7D), Distance : 386 ft
Batting: SHB Evan Adams 0-0: Swinging Strike
0-1: Ball
1-1: Ball
2-1: Ball
3-1: Foul Ball, location: 2F
3-2: Fly out, F8 (Flyball, 8LD)
Batting: RHB Diego Bonilla 0-0: Ball
1-0: Ball
2-0: Ball
3-0: Base on Balls
Batting: LHB Mike Pace 0-0: Called Strike
0-1: Ball
1-1: Foul Ball, location: 2F
1-2: Strikes out looking
Top of the 1st over - 4 run(s), 1 hit(s), 0 error(s), 1 left on base; Chicago 4 - New Amsterdam 0
BOTTOM OF THE 1ST
New Amsterdam Dutchmen batting - Pitching for Chicago Hawks : RHP Bob Warford
Pitching: RHP Bob Warford
Batting: RHB Andrés Gonzáles 0-0: Ground out 4-3 (Groundball, 4D)
Batting: RHB Menno van de Vlugt 0-0: Ball
1-0: Foul Ball, location: 2F
1-1: Ball
2-1: Ball
3-1: SINGLE (Groundball, 56S) (infield hit)
Batting: LHB Félix López 0-0: Ball
1-0: Ball
2-0: Ball
3-0: Base on Balls
Menno van de Vlugt to second
Batting: RHB Mario Rivera 0-0: Ball
1-0: Foul Ball, location: 2F
1-1: Swinging Strike
1-2: Ball
2-2: Strikes out swinging
Batting: LHB Cornelius Taitt 0-0: Called Strike
0-1: Ball
1-1: Ball
2-1: Ball
3-1: Foul Ball, location: 2F
3-2: Foul Ball, location: 2F
3-2: Base on Balls
Menno van de Vlugt to third
Félix López to second
Batting: RHB Arturo Morales 0-0: Called Strike
0-1: Ball
1-1: Ball
2-1: Ball
3-1: Swinging Strike
3-2: Foul Ball, location: 2F
3-2: Foul Ball, location: 2F
3-2: Base on Balls
Menno van de Vlugt scores
Félix López to third
Cornelius Taitt to second
Batting: LHB SaQwan Hackett 0-0: Called Strike
0-1: Ball
1-1: Ball
2-1: Called Strike
2-2: Fly out, F4 (Line Drive, 4)
Bottom of the 1st over - 1 run(s), 1 hit(s), 0 error(s), 3 left on base; Chicago 4 - New Amsterdam 1
TOP OF THE 2ND
Chicago Hawks batting - Pitching for New Amsterdam Dutchmen : RHP Bobby Swain
Batting: RHB Sean Davis 0-0: Ball
1-0: Ball
2-0: Ball
3-0: Called Strike
3-1: Called Strike
3-2: Ground out 5-3 (Groundball, 56)
Batting: RHB Aurelio Álvarez 0-0: Ball
1-0: Ball
2-0: Called Strike
2-1: Fly out, F8 (Flyball, 8RD)
Batting: LHB Cole Thrash 0-0: Ball
1-0: Called Strike
1-1: Foul Ball, location: 2F
1-2: SINGLE (Groundball, 34D)
Batting: LHB Raúl Aguirre 0-0: Ball
1-0: Fielders Choice at 2nd, 4-6 (Groundball, 4)
Top of the 2nd over - 0 run(s), 1 hit(s), 0 error(s), 0 left on base; Chicago 4 - New Amsterdam 1
BOTTOM OF THE 2ND
New Amsterdam Dutchmen batting - Pitching for Chicago Hawks : RHP Bob Warford
Batting: RHB Alfredo Suárez 0-0: Bunt for hit - play at first, batter OUT! 1-3
Batting: RHB Omar Schuler 0-0: Ball
1-0: TRIPLE (Flyball, 89M)
Batting: RHB Andrés Gonzáles Error on foul ball, E5
0-1: Called Strike
0-2: Ball
1-2: Strikes out swinging
Batting: RHB Menno van de Vlugt 0-0: Ball
1-0: Called Strike
1-1: Called Strike
1-2: SINGLE (Line Drive, 7LS)
Omar Schuler scores
Batting: LHB Félix López 0-0: Ball
1-0: Ball
2-0: Foul Ball, location: 2F
2-1: Ball
3-1: Base on Balls
Menno van de Vlugt to second
Batting: RHB Mario Rivera 0-0: Ball
1-0: Called Strike
1-1: Ball
2-1: Ball
3-1: Swinging Strike
3-2: SINGLE (Groundball, 4D)
Menno van de Vlugt to third
Félix López to second
Menno van de Vlugt scores
Félix López to third
Batting: LHB Cornelius Taitt 0-0: Swinging Strike
0-1: Fly out, F9 (Flyball, 9LDF)
Bottom of the 2nd over - 2 run(s), 3 hit(s), 1 error(s), 2 left on base; Chicago 4 - New Amsterdam 3
TOP OF THE 3RD
Chicago Hawks batting - Pitching for New Amsterdam Dutchmen : RHP Bobby Swain
Batting: LHB Scott Janousek 0-0: Called Strike
0-1: Swinging Strike
0-2: Ball
1-2: Ground out 6-3 (Groundball, 6M)
Batting: RHB Robbie Roach 0-0: Ball
1-0: Ball
2-0: Ball
3-0: Called Strike
3-1: SINGLE (Groundball, 13S) (infield hit)
Batting: SHB Evan Adams 0-0: Swinging Strike
0-1: Called Strike
0-2: Ball
1-2: Grounds into double play, 1-6-3 (Groundball, 13)
Top of the 3rd over - 0 run(s), 1 hit(s), 0 error(s), 0 left on base; Chicago 4 - New Amsterdam 3
BOTTOM OF THE 3RD
New Amsterdam Dutchmen batting - Pitching for Chicago Hawks : RHP Bob Warford
Batting: RHB Arturo Morales 0-0: Ball
1-0: Foul Ball, location: 2F
1-1: Swinging Strike
1-2: Foul Ball, location: 2F
1-2: Foul Ball, location: 2F
1-2: Ball
2-2: Ground out 6-3 (Groundball, 6)
Batting: LHB SaQwan Hackett 0-0: Called Strike
0-1: Foul Ball, location: 2F
0-2: Ground out 6-3 (Groundball, 6)
Batting: RHB Alfredo Suárez 0-0: Ball
1-0: DOUBLE (Groundball, 5L)
Batting: RHB Omar Schuler 0-0: Called Strike
0-1: Reached on error, E9 (Flyball, 9S)
Alfredo Suárez scores
Batting: RHB Andrés Gonzáles 0-0: Ball
1-0: Foul Ball, location: 2F
1-1: Called Strike
1-2: Foul Ball, location: 2F
1-2: Ball
2-2: Ball
Wild Pitch!
Omar Schuler to third
3-2: Foul Ball, location: 2F
3-2: Foul Ball, location: 2F
3-2: Base on Balls
Batting: RHB Menno van de Vlugt 0-0: Ball
1-0: Ball
2-0: Called Strike
2-1: Fly out, F8 (Flyball, 8LS)
Bottom of the 3rd over - 1 run(s), 1 hit(s), 1 error(s), 2 left on base; Chicago 4 - New Amsterdam 4
TOP OF THE 4TH
Chicago Hawks batting - Pitching for New Amsterdam Dutchmen : RHP Bobby Swain
Batting: RHB Diego Bonilla 0-0: Called Strike
0-1: Ball
1-1: Foul Ball, location: 2F
1-2: Ball
2-2: Fly out, F9 (Flyball, 9LS)
Batting: LHB Mike Pace 0-0: Called Strike
0-1: Fly out, F9 (Flyball, 89M)
Batting: RHB Sean Davis 0-0: Fly out, F3 (Popup, 34S)
Top of the 4th over - 0 run(s), 0 hit(s), 0 error(s), 0 left on base; Chicago 4 - New Amsterdam 4
BOTTOM OF THE 4TH
New Amsterdam Dutchmen batting - Pitching for Chicago Hawks : RHP Bob Warford
Batting: LHB Félix López 0-0: Called Strike
0-1: Ball
1-1: Ball
2-1: Ball
3-1: Base on Balls
Batting: RHB Mario Rivera 0-0: Foul Ball, location: 2F
0-1: Swinging Strike
0-2: Strikes out swinging
Batting: LHB Cornelius Taitt 0-0: Ball
1-0: Called Strike
1-1: Ball
2-1: Ball
3-1: Base on Balls
Félix López to second
Batting: RHB Arturo Morales 0-0: Called Strike
0-1: Swinging Strike
0-2: Ball
1-2: Ball
2-2: Ball
3-2: Base on Balls
Félix López to third
Cornelius Taitt to second
Batting: LHB SaQwan Hackett 0-0: DOUBLE (Line Drive, 5D)
Félix López scores
Cornelius Taitt scores
Arturo Morales to third
Batting: RHB Alfredo Suárez 0-0: Ball
1-0: Called Strike
1-1: Ball
2-1: Ball
3-1: Base on Balls
Pitching: RHP Jim Washington
Batting: RHB Omar Schuler 0-0: Foul Ball, location: 2F
0-1: Ball
1-1: Ball
2-1: Swinging Strike
2-2: Strikes out swinging
Batting: RHB Andrés Gonzáles 0-0: Fly out, F7 (Flyball, 7LDF)
Bottom of the 4th over - 2 run(s), 1 hit(s), 0 error(s), 3 left on base; Chicago 4 - New Amsterdam 6
TOP OF THE 5TH
Chicago Hawks batting - Pitching for New Amsterdam Dutchmen : RHP Bobby Swain
Batting: RHB Aurelio Álvarez 0-0: Foul Ball, location: 2F
0-1: Foul Ball, location: 2F
0-2: Strikes out swinging
Batting: LHB Cole Thrash 0-0: Ball
1-0: Ball
2-0: Ball
3-0: Called Strike
3-1: Base on Balls
Batting: LHB Raúl Aguirre 0-0: Called Strike
0-1: Grounds into double play, 4-6-3 (Groundball, 4)
Top of the 5th over - 0 run(s), 0 hit(s), 0 error(s), 0 left on base; Chicago 4 - New Amsterdam 6
BOTTOM OF THE 5TH
New Amsterdam Dutchmen batting - Pitching for Chicago Hawks : RHP Jim Washington
Batting: RHB Menno van de Vlugt 0-0: Ball
1-0: Ball
2-0: Foul Ball, location: 2F
2-1: Fly out, F6 (Line Drive, 6)
Batting: LHB Félix López 0-0: Foul Ball, location: 2F
0-1: Foul Ball, location: 2F
0-2: Ball
1-2: Ball
2-2: DOUBLE (Flyball, 89XD)
Batting: RHB Mario Rivera 0-0: Ball
Wild Pitch!
Félix López to third
1-0: Ball
2-0: Called Strike
2-1: Ball
3-1: Swinging Strike
3-2: Strikes out looking
Batting: LHB Cornelius Taitt 0-0: Ground out U3 (Groundball, 3)
Bottom of the 5th over - 0 run(s), 1 hit(s), 0 error(s), 1 left on base; Chicago 4 - New Amsterdam 6
TOP OF THE 6TH
Chicago Hawks batting - Pitching for New Amsterdam Dutchmen : RHP Bobby Swain
Batting: LHB Scott Janousek 0-0: Called Strike
0-1: Foul Ball, location: 2F
0-2: Ball
1-2: Ground out 6-3 (Groundball, 6)
Batting: RHB Robbie Roach 0-0: Called Strike
0-1: Ball
1-1: Foul Ball, location: 2F
1-2: Fly out, F3 (Popup, 3D)
Batting: SHB Evan Adams 0-0: Ball
1-0: Called Strike
1-1: Ball
2-1: Ground out 3-1 (Groundball, 34S)
Top of the 6th over - 0 run(s), 0 hit(s), 0 error(s), 0 left on base; Chicago 4 - New Amsterdam 6
BOTTOM OF THE 6TH
New Amsterdam Dutchmen batting - Pitching for Chicago Hawks : RHP Jim Washington
Batting: RHB Arturo Morales 0-0: DOUBLE (Flyball, 78D)
Batting: LHB SaQwan Hackett 0-0: Ball
1-0: Called Strike
1-1: Foul Ball, location: 2F
1-2: Ground out 6-3 (Groundball, 6)
Batting: RHB Alfredo Suárez 0-0: Foul Ball, location: 2F
0-1: Ball
1-1: Ball
2-1: Fly out, F9 (Flyball, 9S)
Batting: RHB Omar Schuler 0-0: Ball
1-0: Foul Ball, location: 2F
1-1: Ball
2-1: Swinging Strike
2-2: Foul Ball, location: 2F
2-2: Fly out, F8 (Line Drive, 8RD)
Bottom of the 6th over - 0 run(s), 1 hit(s), 0 error(s), 1 left on base; Chicago 4 - New Amsterdam 6
TOP OF THE 7TH
Chicago Hawks batting - Pitching for New Amsterdam Dutchmen : RHP Bobby Swain
Batting: RHB Diego Bonilla 0-0: Ball
1-0: Ball
2-0: Foul Ball, location: 2F
2-1: Swinging Strike
2-2: Foul Ball, location: 2F
2-2: Ground out 4-3 (Groundball, 4)
Batting: LHB Mike Pace 0-0: Foul Ball, location: 2F
0-1: Swinging Strike
0-2: Ball
1-2: Strikes out swinging
Batting: RHB Sean Davis 0-0: Ball
1-0: Called Strike
1-1: Ball
2-1: Foul Ball, location: 2F
2-2: DOUBLE (Line Drive, 8RXD)
Batting: RHB Aurelio Álvarez 0-0: Ball
1-0: Ball
2-0: Ball
3-0: Called Strike
3-1: SINGLE (Groundball, 56D)
Sean Davis to third
Runner from 3rd tries for Home, SAFE, no throw
Batting: LHB Cole Thrash 0-0: Ball
1-0: Ball
2-0: Called Strike
2-1: Ball
3-1: Called Strike
3-2: Base on Balls
Aurelio Álvarez to second
Pitching: RHP Nick Richie
Batting: LHB Raúl Aguirre 0-0: Called Strike
0-1: Ball
1-1: Foul Ball, location: 2F
1-2: Ball
2-2: DOUBLE (Line Drive, 89M)
Aurelio Álvarez scores
Cole Thrash to third
Runner from 3rd tries for Home, SAFE, no throw
Batting: LHB Scott Janousek 0-0: Called Strike
0-1: SINGLE (Groundball, 4MD)
Raúl Aguirre to third
Runner from 3rd tries for Home, SAFE, no throw
Batting: RHB Robbie Roach 0-0: Foul Ball, location: 2F
0-1: Ball
1-1: Foul Ball, location: 2F
1-2: Ball
2-2: Foul Ball, location: 2F
2-2: Foul Ball, location: 2F
2-2: Fly out, F9 (Flyball, 9LS)
Top of the 7th over - 4 run(s), 4 hit(s), 0 error(s), 1 left on base; Chicago 8 - New Amsterdam 6
BOTTOM OF THE 7TH
New Amsterdam Dutchmen batting - Pitching for Chicago Hawks : RHP Jim Washington
Batting: RHB Andrés Gonzáles 0-0: Ball
1-0: Ball
2-0: Foul Ball, location: 2F
2-1: Foul Ball, location: 2F
2-2: Foul Ball, location: 2F
2-2: Strikes out swinging
Pitching: RHP Anthony Hanover
Batting: RHB Menno van de Vlugt 0-0: Ball
1-0: Called Strike
1-1: Ball
2-1: Ball
3-1: Foul Ball, location: 2F
3-2: Strikes out swinging
Batting: LHB Félix López 0-0: Ball
1-0: Ball
2-0: Fly out, F6 (Line Drive, 6MD)
Bottom of the 7th over - 0 run(s), 0 hit(s), 0 error(s), 0 left on base; Chicago 8 - New Amsterdam 6
TOP OF THE 8TH
Chicago Hawks batting - Pitching for New Amsterdam Dutchmen : RHP Nick Richie
Batting: SHB Evan Adams 0-0: Fly out, F3 (Line Drive, 3S)
Batting: RHB Diego Bonilla 0-0: Ball
1-0: Called Strike
1-1: Fly out, F2 (Popup, 23)
Batting: LHB Mike Pace 0-0: Ball
1-0: Ground out 3-1 (Groundball, 34)
Top of the 8th over - 0 run(s), 0 hit(s), 0 error(s), 0 left on base; Chicago 8 - New Amsterdam 6
BOTTOM OF THE 8TH
New Amsterdam Dutchmen batting - Pitching for Chicago Hawks : RHP Anthony Hanover
Batting: RHB Mario Rivera 0-0: Swinging Strike
0-1: Called Strike
0-2: TRIPLE (Line Drive, 89M)
Pitching: LHP Dalton García
Batting: LHB Cornelius Taitt 0-0: Called Strike
0-1: Foul Ball, location: 2F
0-2: Foul Ball, location: 2F
0-2: Ball
1-2: Foul Ball, location: 2F
1-2: Foul Ball, location: 2F
1-2: Fly out, F3 (Line Drive, 34)
Pitching: RHP Ken Frost
Batting: RHB Arturo Morales 0-0: Called Strike
0-1: Foul Ball, location: 2F
0-2: Ball
1-2: Foul Ball, location: 2F
1-2: Ball
2-2: Foul Ball, location: 2F
2-2: Strikes out swinging
Batting: LHB SaQwan Hackett 0-0: Ground out U3 (Groundball, 3)
Bottom of the 8th over - 0 run(s), 1 hit(s), 0 error(s), 1 left on base; Chicago 8 - New Amsterdam 6
TOP OF THE 9TH
Chicago Hawks batting - Pitching for New Amsterdam Dutchmen : RHP Nick Richie
Batting: RHB Sean Davis 0-0: Called Strike
0-1: Ball
1-1: Swinging Strike
1-2: Strikes out looking
Batting: RHB Aurelio Álvarez 0-0: Called Strike
0-1: Swinging Strike
0-2: Foul Ball, location: 2F
0-2: Ball
1-2: Ball
2-2: Foul Ball, location: 2F
2-2: Foul Ball, location: 2F
2-2: Ball
3-2: Base on Balls
Batting: LHB Cole Thrash 0-0: Ball
1-0: Foul Ball, location: 2F
1-1: Foul Ball, location: 2F
1-2: Ball
2-2: Ground out U3 (Groundball, 23)
Aurelio Álvarez to second
Batting: LHB Raúl Aguirre 0-0: Ball
1-0: Ball
2-0: Ball
3-0: Called Strike
3-1: Base on Balls
Batting: LHB Scott Janousek 0-0: Swinging Strike
0-1: Ground out 6-3 (Groundball, 6MD)
Top of the 9th over - 0 run(s), 0 hit(s), 0 error(s), 2 left on base; Chicago 8 - New Amsterdam 6
BOTTOM OF THE 9TH
New Amsterdam Dutchmen batting - Pitching for Chicago Hawks : RHP Ken Frost
Pitching: RHP Ramiro Lara
Now at 3B: Lorenzo Sabastro
Batting: RHB Alfredo Suárez 0-0: Fly out, F7 (Flyball, 78D)
Batting: RHB Omar Schuler 0-0: Called Strike
0-1: DOUBLE (Flyball, 78D)
Batting: RHB Andrés Gonzáles 0-0: Ball
1-0: Ball
2-0: Foul Ball, location: 2F
2-1: Ball
3-1: Fly out, F8 (Flyball, 8RM)
Batting: RHB Menno van de Vlugt 0-0: Ball
1-0: Swinging Strike
1-1: Foul Ball, location: 2F
1-2: Foul Ball, location: 2F
1-2: Ball
2-2: Foul Ball, location: 2F
2-2: Foul Ball, location: 2F
2-2: Fly out, F8 (Line Drive, 8RM)
Bottom of the 9th over - 0 run(s), 1 hit(s), 0 error(s), 1 left on base; Chicago 8 - New Amsterdam 6
Saturday, May 26th, 2018 - OOTP Baseball 17.12 Build 75